 Dungeon Crawl Stone Soup version 0.29.1-15-g9cfb28693d (webtiles) character file.

Game seed: 12269993717279544684

406 Sanktem7 the Trooper (level 6, 0/57 HPs)
             Began as a Minotaur Berserker on Mar 2, 2023.
             Was a Priest of Trog.
             Slain by a lemure (5 damage)
             ... led by Pikel
             ... on level 4 of the Dungeon.
             The game lasted 00:05:39 (3887 turns).

Sanktem7 the Trooper (Minotaur Berserker)           Turns: 3887, Time: 00:05:39

Health: 0/57       AC:  6    Str: 23      XL:     6   Next: 56%
Magic:  5/5        EV: 11    Int:  4      God:    Trog [***...]
Gold:   121        SH:  0    Dex:  7 (10) Spells: 5/5 levels left

rFire   . . .      SeeInvis .   a - +0 hand axe {axe}
rCold   + . .      Faith    .   (no shield)
rNeg    . . .      Spirit   .   e - +2 leather armour {rC+}
rPois   .          Reflect  .   (helmet restricted)
rElec   .          Harm     .   (no cloak)
rCorr   .          Rampage  .   (no gloves)
Will    .....                   n - +0 pair of boots
Stlth   +.........              (no amulet)
HPRegen 0.19/turn               (no ring)
MPRegen 0.09/turn               (no ring)

@: no status effects
A: horns 2, retaliatory headbutt
a: Renounce Religion, Berserk, Trog's Hand


You were on level 4 of the Dungeon.
You worshipped Trog.
Trog was most pleased with you.
You visited 1 branch of the dungeon, and saw 4 of its levels.

You collected 154 gold pieces.
You spent 33 gold pieces at shops.


Innate Abilities, Weirdness & Mutations

You have a pair of horns on your head.
You reflexively headbutt those who attack you in melee.


   Skills:
 * Level 6.3 Fighting
 * Level 6.3 Axes
 + Level 4.3 Armour
 - Level 2.1 Dodging


You had 5 spell levels left.
You didn't know any spells.
Your spell library contained the following spells:

 Spells                   Type           Power      Damage    Failure   Level
 Blink                    Tloc           0%         N/A       69%         2
 Poisonous Vapours        Pois/Air       0%         N/A       69%         2
 Dazzling Flash           Conj/Hex       0%         N/A       89%         3
 Lesser Beckoning         Tloc           0%         N/A       89%         3
 Corpse Rot               Necr/Pois/Air  0%         N/A       100%        4
 Iskenderun's Mystic Bla  Conj/Tloc      0%         2d3       100%        4
 Manifold Assault         Tloc           0%         N/A       100%        5
 Starburst                Conj/Fire      0%         6d3       100%        6
 Storm Form               Tmut/Air       0%         N/A       100%        7

Inventory:

Hand Weapons
 a - a +0 hand axe (weapon) {axe}
Missiles
 c - 24 stones (quivered) {throwing}
 i - 11 javelins {throwing}
 m - 2 boomerangs {throwing}
Armour
 e - a +2 leather armour of cold resistance (worn)
   (You found it on level 1 of the Dungeon)
 n - a +0 pair of boots (worn)
   (You found it on level 4 of the Dungeon)
Jewellery
 s - a +4 ring of protection
   (You found it on level 4 of the Dungeon)
Scrolls
 f - a scroll of magic mapping {!r}
 g - a scroll of torment {!r}
 j - a scroll of teleportation {unknown}
 k - 2 scrolls of identify {@r1}
 o - a scroll of vulnerability {unknown}
 q - a scroll of enchant weapon {unknown}
Potions
 b - a potion of attraction {!q}
 d - a potion of lignification {unknown}
 h - a potion of degeneration {unknown}
 l - a potion of resistance {unknown}
 p - 2 potions of heal wounds {unknown}
 r - a potion of curing {@q1}

Dungeon Overview and Level Annotations

Branches:
Dungeon (4/15) Zot: 20101
 Temple: D:4-7

Altars:

Shops:
D:4

! #..#
#..##.......#.)).....
#..#
#..#.#.#.............
#...
####.##.###..........#.
#....
......#..#...........#.
#....#
.....##...............
...###
#........##.....)#...
##......##.#.#....#.
##.5.....##.##.......
#..5@.......###..#...
#....#5................
#....
#..........#...#.. ....
###.##............ ...
#..........#.... ..
#........####... .
##....... #.# ..###..
## ..


You could see 3 lemures.


Message History

Your Fighting skill increases to level 6!
Your Axes skill increases to level 6!
A lemure comes into view.
The lemure shouts!
You hear a shout!
A lemure comes into view. 😎 HP[+46]
Your hp is fully restored (57).
There are monsters nearby!
A lemure comes into view.
The lemure shouts!
You hear a shout!
The lemure hits you but does no damage.
A lemure comes into view.
You hear a shout!
You barely miss the lemure.
The lemure shouts!
Your headbutt misses the lemure. The lemure hits you but does no damage.
You closely miss the lemure. Your headbutt misses the lemure.
The lemure misses you. You furiously retaliate!
You headbutt the lemure. You hit the lemure. Your headbutt misses the lemure.
The lemure hits you.
You hit the lemure.
The lemure hits you but does no damage. 😕 HP[-1]
You take 1 damage, and now have 56/57 hp.
You barely miss the lemure. You hit the lemure. The lemure misses you.
The lemure hits you.
You hit the lemure. x2; The lemure hits you. 😕 HP[-6]
You take 6 damage, and now have 50/57 hp.
You barely miss the lemure. Your headbutt misses the lemure.
You hit the lemure. You closely miss the lemure.
The lemure hits you but does no damage. x2; The lemure misses you.
You barely miss the lemure.
You hit the lemure. x2; The lemure misses you.
You furiously retaliate!
You headbutt the lemure, but do no damage.
The lemure barely misses you. You furiously retaliate!
You headbutt the lemure! You slash the lemure! You closely miss the lemure.
You hit the lemure. You barely miss the lemure. The lemure misses you.
You furiously retaliate!
You headbutt the lemure, but do no damage.
The lemure hits you but does no damage. The lemure hits you!
The lemure barely misses you. 😕 HP[-7]
You take 7 damage, and now have 43/57 hp.
You hit the lemure. You punch the lemure, but do no damage. You hit the lemure.
You hit the lemure but do no damage. You miss the lemure.
The lemure barely misses you. The lemure hits you. x2
The lemure barely misses you.
You are too injured to fight recklessly!
You are too injured to fight recklessly!
You are too injured to fight recklessly! 😮 HP[-8]
You take 8 damage, and now have 35/57 hp.
You are too injured to fight recklessly!
You are too injured to fight recklessly!
You are too injured to fight recklessly!
You are too injured to fight recklessly!
You are too injured to fight recklessly!
You are too injured to fight recklessly!
You are too injured to fight recklessly!
You are too injured to fight recklessly!
You are too injured to fight recklessly!
You are too injured to fight recklessly!
You are too injured to fight recklessly!
You are too injured to fight recklessly!
Unknown command.
You closely miss the lemure. Your headbutt misses the lemure.
You barely miss the lemure. x2; You closely miss the lemure.
The lemure hits you but does no damage. The lemure hits you. x2
* * * LOW HITPOINT WARNING * * *
The lemure hits you but does no damage. 😨 HP[-8]
You take 8 damage, and now have 27/57 hp.
You barely miss the lemure. You closely miss the lemure.
You barely miss the lemure. You hit the lemure. The lemure barely misses you.
The lemure hits you.
* * * LOW HITPOINT WARNING * * *
The lemure hits you but does no damage. The lemure hits you.
* * * LOW HITPOINT WARNING * * *
😨 HP[-8]
You take 8 damage, and now have 19/57 hp.
You closely miss the lemure. You hit the lemure but do no damage.
You hit the lemure. x2; The lemure hits you.
* * * LOW HITPOINT WARNING * * *
The lemure barely misses you. x2; The lemure hits you.
* * * LOW HITPOINT WARNING * * *
😱 HP[-8]
You take 8 damage, and now have 11/57 hp.
You hit the lemure. You closely miss the lemure. You hit the lemure.
You closely miss the lemure. The lemure hits you.
* * * LOW HITPOINT WARNING * * *
The lemure barely misses you. You furiously retaliate!
You headbutt the lemure!
You kill the lemure!
That felt strangely unrewarding.
The lemure misses you.
The lemure hits you but does no damage. 😱 HP[-5]
You take 5 damage, and now have 6/57 hp.
You hit the lemure. You closely miss the lemure.
You hit the lemure but do no damage. The lemure misses you.
The lemure hits you.
* * * LOW HITPOINT WARNING * * *
The lemure hits you.
You die...

Skill      XL: |  1  2  3  4  5  6 |
---------------+-------------------+-----
Fighting       | 4 5 6 |  6.3
Axes           | 4 5 6 |  6.3
Armour         | 3 4 |  4.3
Dodging        | |  2.1

Action                   |  1- 3 |  4- 6 || total
-------------------------+-------+-------++-------
Melee: Hand axe          |    67 |   142 ||   209
       Headbutt          |    10 |    22 ||    32
       Punch             |     2 |     3 ||     5
  Use: Scroll            |     2 |     1 ||     3
 Stab: Sleeping          |     1 |       ||     1
Armor: Animal skin       |     4 |       ||     4
       Leather armour    |    19 |    82 ||   101
Dodge: Dodged            |    39 |   120 ||   159

Levels and vault maps discovered:
D:1:      onia_arrival_handbag, layout_loops_cross,
          ebering_ecumenical_altar_sacrificial
D:2:      minmay_skewed_foursquare, layout_basic, nicolae_wormholes
D:3:      layout_basic, grunt_ministairs_1
D:4:      layout_layer_cave, mainiacjoe_overflow_alcove_1, serial_shops,
          nicolae_diamond_shop, minmay_misc_feat_columns, nrook_campfire,
          uniq_eustachio, uniq_pikel, uniq_robin

Notes
Turn   | Place    | Note
-------+----------+-------------------------------------------
     0 | D:1      | Sanktem7 the Minotaur Berserker began the quest for the
                  | Orb.
     0 | D:1      | Reached XP level 1. HP: 19/19 MP: 0/0
     0 | D:1      | magus.rc [v1.9.6]
   195 | D:1      | Reached XP level 2. HP: 26/27 MP: 1/1
   278 | D:1      | Found a faded altar of an unknown god.
   335 | D:1      | Reached skill level 4 in Fighting
   335 | D:1      | Reached skill level 4 in Axes
   636 | D:1      | You pick up a book of Vapours {forbidden} and begin
                  | reading...
   636 | D:1      | You add the spells Poisonous Vapours and Corpse Rot to your
                  | library.
   843 | D:2      | Reached XP level 3. HP: 28/33 MP: 2/2
   929 | D:2      | Reached ** piety under Trog
   930 | D:2      | Reached skill level 3 in Armour
  1278 | D:2      | Reached XP level 4. HP: 32/41 MP: 3/3
  2280 | D:3      | Reached skill level 5 in Axes
  2364 | D:3      | Reached skill level 5 in Fighting
  2450 | D:3      | You pick up a book of Spectacle {forbidden} and begin
                  | reading...
  2450 | D:3      | You add the spells Dazzling Flash, Iskenderun's Mystic
                  | Blast and Starburst to your library.
  2455 | D:3      | You pick up a book of Spatial Translocations {forbidden}
                  | and begin reading...
  2455 | D:3      | You add the spells Blink, Lesser Beckoning and Manifold
                  | Assault to your library.
  2567 | D:3      | Reached XP level 5. HP: 39/48 MP: 4/4
  2572 | D:3      | HP: 11/48 [gnoll/+0 flail (10)]
  3091 | D:4      | Found Guit's Distillery.
  3101 | D:4      | Bought a potion of curing for 33 gold pieces
  3374 | D:4      | Noticed Robin
  3378 | D:4      | Reached *** piety under Trog
  3385 | D:4      | Killed Robin
  3386 | D:4      | Reached skill level 4 in Armour
  3387 | D:4      | Reached XP level 6. HP: 30/57 MP: 5/5
  3574 | D:4      | Noticed Eustachio
  3617 | D:4      | HP: 11/57 [Eustachio/+0 rapier (5)]
  3620 | D:4      | Killed Eustachio
  3621 | D:4      | Reached skill level 6 in Fighting
  3621 | D:4      | Reached skill level 6 in Axes
  3885 | D:4      | HP: 14/57 [lemure[Pikel] (5)]
  3886 | D:4      | HP: 6/57 [lemure[Pikel] (6)]
  3887 | D:4      | Slain by a lemure

Vanquished Creatures
  Eustachio (D:4)
  A lemure (D:4)
  An iguana (D:4)
  Robin (D:4)
  6 adders
  7 gnolls
  4 worms (D:2)
  2 dart slugs (D:2)
  An orc (D:3)
  8 bats
  5 endoplasms
  2 giant cockroaches (D:3)
  17 goblins
  5 hobgoblins
  3 jackals (D:4)
  11 kobolds
  3 quokkas
  8 ball pythons
  3 frilled lizards
  6 rats
95 creatures vanquished.

Table legend:
 A = Non-vault XP
 B = Vault XP
 C = Vault XP percentage of total XP
 D = Non-vault monster count
 E = Vault monster count
 F = Vault count percentage of total count
                 A         B        C        D         E       F
            +---------+---------+-------+---------+---------+-------
      Total |     303 |     278 |  47.8 |      66 |      28 |  29.8
            +---------+---------+-------+---------+---------+-------
        D:1 |      27 |       4 |  12.9 |      16 |       4 |  20.0
        D:2 |      59 |      39 |  39.8 |      15 |      10 |  40.0
        D:3 |     126 |       1 |   0.8 |      26 |       1 |   3.7
        D:4 |      91 |     234 |  72.0 |       9 |      13 |  59.1
            +---------+---------+-------+---------+---------+-------

Illustrated notes

Table legend:
 A = Kills in this place as a percentage of kills in entire the game.
 B = Kills by you in this place as a percentage of kills by you in the entire game.
 C = Kills by friends in this place as a percentage of kills by friends in the entire game.
 D = Other kills in this place as a percentage of other kills in the entire game.
 E = Experience gained in this place as a percentage of experience gained in the entire game.
 F = Experience gained in this place divided by the number of levels of this place that you have seen.
                   A       B       C       D       E      F
               +-------+-------+-------+-------+-------+----------------------
         Total | 100.0 | 100.0 |   N/A |   N/A | 100.0 | 145.2
       Dungeon | 100.0 | 100.0 |   N/A |   N/A | 100.0 | 145.2
               +-------+-------+-------+-------+-------+----------------------

Table legend: (Time is in decaauts)
 A = Elapsed time spent in this place.
 B = Non-inter-level travel time spent in this place.
 C = Inter-level travel time spent in this place.
 D = Time resting spent in this place.
 E = Time spent auto-exploring this place.
 F = Levels seen in this place.
 G = Mean time per level.
                   A        B        C        D        E       F      G
               +--------+--------+--------+--------+--------+-----+--------+
         Total |   3897 |   3834 |     63 |      0 |   3339 |   4 |  974.2 |
       Dungeon |   3897 |   3834 |     63 |      0 |   3339 |   4 |  974.2 |
               +--------+--------+--------+--------+--------+-----+--------+

Top non-repeatable levels by time:
     D:2: 1314 daAuts
     D:3: 937 daAuts
     D:4: 845 daAuts
     D:1: 800 daAuts
